 Dungeon Crawl Stone Soup version 0.24-a0-698-g60d090ba07 (webtiles) character file.

Game seed: 18207561419110179580, levelgen mode: classic

4530 wilfster70 the Magician (level 10, -2/69 HPs)
             Began as a Grey Draconian Air Elementalist on June 28, 2019.
             Was a Believer of Dithmenos.
             Slain by an orc wizard
             ... wielding a +0 dagger of electrocution
              (13 damage)
             ... on level 9 of the Dungeon on Dec 6, 2019.
             The game lasted 00:36:24 (12191 turns).

wilfster70 the Magician (DrAE)                     Turns: 12191, Time: 00:36:25

Health: -2/69      AC: 15    Str: 11    XL:     10   Next: 17%
Magic:  20/20      EV: 12    Int: 18    God:    Dithmenos [**....]
Gold:   154        SH:  7    Dex: 12    Spells: 15/23 levels left

rFire    . . .     SeeInvis .   a - +0 morningstar
rCold    + . .     Gourm    .   f - +2 buckler
rNeg     . . .     Faith    .   (armour unavailable)
rPois    +         Spirit   .   (helmet restricted)
rElec    .         Reflect  .   n - +2 cloak
rCorr    .         Harm     .   (no gloves)
MR       .....                  (no boots)
Stlth    ++........             (no amulet)
HPRegen  0.21/turn              k - ring of protection from cold
MPRegen  0.17/turn              t - ring of poison resistance

@: wreathed by umbra
A: walk through water, unfitting armour, unbreathing, cold-blooded, AC +12
a: Shadow Step, Renounce Religion


You were on level 9 of the Dungeon.
You worshipped Dithmenos.
Dithmenos was pleased with you.
You were not hungry.

You visited 2 branches of the dungeon, and saw 10 of its levels.

You collected 498 gold pieces.
You spent 344 gold pieces at shops.

Inventory:

Hand Weapons
 a - a +0 morningstar (weapon)
 b - a +1 hunting sling
Missiles
 d - 210 stones (quivered)
 m - 111 sling bullets
 y - 4 throwing nets
Armour
 f - a +2 buckler (worn)
 n - a +2 cloak (worn)
Jewellery
 k - a ring of protection from cold (left hand)
 t - a ring of poison resistance (right hand)
Wands
 p - a wand of enslavement (6)
 s - a wand of random effects (27)
 u - a wand of digging (6)
Scrolls
 e - a scroll of amnesia
 g - a scroll of fear
 h - a scroll of fog
 o - 3 scrolls of teleportation
 v - a scroll of remove curse
 x - 2 scrolls of blinking
Potions
 c - 3 potions of curing
 i - a potion of invisibility
 j - a potion of cancellation
 l - a potion of berserk rage
 q - a potion of mutation
 w - a potion of magic {unknown}
 z - a potion of haste {unknown}
 A - 3 potions of lignification {unknown}
Comestibles
 r - 5 rations
 B - 8 chunks of flesh


   Skills:
 + Level 3.6 Maces & Flails
 - Level 1.7 Dodging
 - Level 1.7 Stealth
 - Level 4.0 Shields
 + Level 7.2 Spellcasting
 - Level 6.0 Conjurations
 + Level 4.0 Summonings
 + Level 7.0 Air Magic
 + Level 4.2 Invocations


You had 15 spell levels left.
You knew the following spells:

 Your Spells              Type           Power        Failure   Level  Hunger
a - Shock                 Conj/Air       ####         1%          1    None
b - Summon Lightning Spi  Summ/Air       ####....     11%         4    ####...
c - Regeneration          Chrm/Necr      #.........   32%         3    ##.....

Your spell library contained the following spells:

 Spells                   Type           Power        Failure   Level  Hunger
 Summon Butterflies       Summ           ###.....     1%          1    None
 Summon Small Mammal      Summ           ###.         1%          1    None
 Static Discharge         Conj/Air       ####....     2%          3    ##.....
 Call Imp                 Summ           ###.....     3%          2    None
 Swiftness                Chrm/Air       ###.....     3%          2    None
 Call Canine Familiar     Summ           ###.....     6%          3    ##.....
 Airstrike                Air            ####......   6%          4    ####...
 Animate Skeleton         Necr           N/A          11%         1    None
 Apportation              Tloc           #.....       11%         1    None
 Beastly Appendage        Tmut           #.....       11%         1    None
 Pain                     Necr           #...         11%         1    None
 Summon Guardian Golem    Hex/Summ       ##......     14%         3    ##.....
 Sticks to Snakes         Tmut           #.......     16%         2    None
 Lightning Bolt           Conj/Air       ####......   21%         5    #####..
 Lesser Beckoning         Tloc           #.........   32%         3    ##.....
 Spider Form              Tmut/Pois      #.........   32%         3    ##.....
 Tukima's Dance           Hex            #.......     32%         3    ##.....
 Vampiric Draining        Necr           #.........   32%         3    ##.....
 Summon Ice Beast         Ice/Summ       ##......     43%         4    ####...
 Animate Dead             Necr           N/A          71%         4    ####...
 Ice Form                 Ice/Tmut       #.......     71%         4    ####...
 Alistair's Intoxication  Tmut/Pois      #.......     96%         5    #####..
 Blade Hands              Tmut           #.........   96%         5    #####..
 Invisibility             Hex            #.......     100%        6    #######


Dungeon Overview and Level Annotations

Branches:
Dungeon (9/15)             Temple (1/1) D:5
   Lair: D:8-11         Orc: D:9-12

Altars:
Dithmenos
Elyvilon
Fedhas
Gozag
Kikubaaqudgha
Makhleb
Nemelex Xobeh
Okawaru
Qazlal
Sif Muna
Uskayaw
Wu Jian
Xom
The Shining One

Shops:
D:4 (   D:5 (:![   D:6 [=[!%

Annotations:
D:4 exclusion: downstairs
D:7 Erica


Innate Abilities, Weirdness & Mutations

You can walk through water.
Your dull iron-grey scales are very hard. (AC +12)
You cannot fit into any form of body armour.
You can survive without breathing.
You are cold-blooded and may be slowed by cold attacks.


Message History

A magic dart appears from out of thin air!
The magic dart hits you but does no damage.
Something hits you but does no damage.
You miss something.
Your tail-slap misses something.
You block something's attack.
You puncture something!
Your tail-slap misses something.
Something hits you but does no damage.
You hit something but do no damage. Something hits you but does no damage.
You are electrocuted!
Something hits you but does no damage.
You miss something. Something hits you but does no damage.
You miss something. Something hits you but does no damage.
You closely miss something. Something hits you but does no damage.
Something completely misses you.
You miss something. You block something's attack.
You barely miss something. Something hits you but does no damage.
You are electrocuted!
* * * LOW HITPOINT WARNING * * *
You closely miss something. You tail-slap something.
Something hits you but does no damage.
You are electrocuted!
You die...

...#......).....'........#..#*8,,
...###'##########........####*,,,
........#######............,#>,,,
........#.....+........###..#*,,,
........#.....#........# *.###8,,
........'.....#........##*,*****8
........#.....#..........,,+*****
........#.....'..{.).))..,,**+**
........#.)...#.@........,,,,,,**
........#.....#..........,,,,,,*,
........#.....#.......)..,,,,*,*,
........#.....#..........,,,,*,*,
........#.....#..........,,,,*,*,
........#.....#..........,,,,*,*,
........#.....###########,,,,*,*,
#######.#.....#*,,,,,,,,*,,,,,,*,
#######.+.....#*,,,,,,,,********,


There were no monsters in sight!

Vanquished Creatures
  Harold (D:7)
  2 hippogriffs
  2 hungry ghosts
  Eustachio (D:6)
  Menkaure (D:7)
  Duvessa (D:6)
  2 black bears
  3 ice beasts
  2 sky beasts
  2 orc warriors (D:6)
  3 ogres
  5 centaurs
  Blork the orc (D:6)
  Dowan (D:6)
  3 scorpions
  3 wights (D:6)
  A howler monkey (D:7)
  2 crimson imps (D:7)
  3 hounds
  A jelly (D:5)
  2 quasits
  5 orc priests
  A centaur skeleton (D:6)
  8 orc wizards
  Ijyb (D:5)
  2 worker ants
  2 hound zombies
  2 hound skeletons
  Robin (D:4)
  8 adders
  2 shadow imps
  3 oozes
  An adder zombie (D:7)
  2 adder skeletons
  2 worms
  3 dart slugs
  5 leopard geckos
  35 orcs
  2 ball pythons
  6 giant cockroaches
  12 goblins
  5 hobgoblins
  4 jackals (D:2)
  8 kobolds
  A quokka (D:3)
  11 bats
  3 frilled lizards
  A leopard gecko skeleton (D:6)
  10 rats
188 creatures vanquished.

Vanquished Creatures (collateral kills)
  A hungry ghost (D:8)
  A bullfrog (D:7)
  2 orc wizards (D:9)
  2 orcs (D:9)
6 creatures vanquished.

Vanquished Creatures (others)
  A human (D:5)
  5 toadstools (D:3)
6 creatures vanquished.

Grand Total: 200 creatures vanquished

Notes
Turn   | Place    | Note
-------+----------+-------------------------------------------
     0 | D:1      | wilfster70 the Draconian Air Elementalist began the quest
                  | for the Orb.
     0 | D:1      | Reached XP level 1. HP: 14/14 MP: 3/3
   273 | D:1      | Reached XP level 2. HP: 20/20 MP: 1/5
   973 | D:1      | Reached XP level 3. HP: 7/26 MP: 1/6
  1939 | D:2      | Reached XP level 4. HP: 28/33 MP: 0/8
  2131 | D:2      | Reached skill level 1 in Shields
  2974 | D:3      | Reached XP level 5. HP: 36/38 MP: 2/9
  3093 | D:3      | Found a shadowy altar of Dithmenos.
  3101 | D:3      | Became a worshipper of Dithmenos the Shadowed
  4825 | D:4      | Noticed Robin
  4852 | D:4      | Killed Robin
  4862 | D:4      | Reached XP level 6. HP: 33/45 MP: 1/10
  5044 | D:4      | Noticed a hungry ghost
  5126 | D:4      | Killed a hungry ghost
  5616 | D:4      | Found Fuafefichi's Antique Weapon Shop.
  5914 | D:5      | Entered Level 5 of the Dungeon
  5918 | D:5      | Noticed a two-headed ogre
  5976 | D:5      | Found an ancient bone altar of Kikubaaqudgha.
  5979 | D:5      | Found a staircase to the Ecumenical Temple.
  5984 | D:5      | Noticed Ijyb
  5988 | Temple   | Entered the Ecumenical Temple
  6019 | D:5      | Killed Ijyb
  6019 | D:5      | Your scales start taking on a dull iron-grey colour.
  6019 | D:5      | Reached XP level 7. HP: 50/50 MP: 4/12
  6019 | D:5      | Gained mutation: You can survive without breathing. [Grey
                  | Draconian growth]
  6034 | D:5      | Noticed a human
  6036 | D:5      | Killed a human
  6327 | D:5      | Found Jythrud's Armour Shop.
  6340 | D:5      | Found Ykumoj's Antique Weapon Shop.
  6341 | D:5      | Found Misahet's Distillery.
  6342 | D:5      | Found Murahae's Book Shop.
  6513 | D:5      | Bought a book of Callings for 330 gold pieces
  6519 | D:5      | Learned a level 4 spell: Summon Lightning Spire
  6530 | D:5      | Bought a potion of degeneration for 14 gold pieces
  7052 | D:6      | Found Azirur's Jewellery Shop.
  7112 | D:6      | Reached XP level 8. HP: 17/57 MP: 2/15
  7132 | D:6      | Reached * piety under Dithmenos
  7388 | D:6      | Found a white marble altar of Elyvilon.
  7465 | D:6      | Found Mebu's Distillery.
  7496 | D:6      | Reached skill level 5 in Conjurations
  7562 | D:6      | Learned a level 3 spell: Regeneration
  7618 | D:6      | Reached skill level 5 in Spellcasting
  7847 | D:6      | Reached skill level 5 in Air Magic
  8098 | D:6      | Found Ziaboicw's Antique Armour Shoppe.
  8266 | D:6      | Found Biky's Food Emporium.
  8310 | D:6      | Noticed Eustachio
  8310 | D:6      | Noticed Dowan
  8352 | D:6      | Killed Eustachio
  8389 | D:6      | Noticed Duvessa
  8412 | D:6      | Killed Duvessa
  8420 | D:6      | Killed Dowan
  8602 | D:6      | Noticed Blork the orc
  8603 | D:6      | Found Tamainas's Antique Armour Shop.
  8622 | D:6      | Killed Blork the orc
  8823 | D:7      | Reached XP level 9. HP: 62/62 MP: 15/18
  8964 | D:7      | Reached skill level 1 in Summonings
  9103 | D:7      | Found a shadowy altar of Dithmenos.
  9263 | D:7      | Noticed Harold
  9293 | D:7      | Killed Harold
  9293 | D:7      | Reached skill level 1 in Maces & Flails
  9531 | D:7      | Noticed Menkaure
  9548 | D:7      | Killed Menkaure
  9767 | D:7      | Found a burning altar of Makhleb.
  9776 | D:7      | Found a blossoming altar of Fedhas.
  9777 | D:7      | Found a stormy altar of Qazlal.
  9777 | D:7      | Found an ancient bone altar of Kikubaaqudgha.
  9777 | D:7      | Found a sparkling altar of Nemelex Xobeh.
  9777 | D:7      | Found a shimmering altar of Xom.
  9778 | D:7      | Found an ornate altar of the Wu Jian Council.
  9779 | D:7      | Found a deep blue altar of Sif Muna.
  9781 | D:7      | Found an iron altar of Okawaru.
 10304 | D:8      | Noticed Erica
 10683 | D:8      | Noticed a two-headed ogre
 10926 | D:7      | Reached ** piety under Dithmenos
 11674 | D:9      | Reached XP level 10. HP: 52/69 MP: 20/20
 11771 | D:9      | Found a hide-covered altar of Uskayaw.
 11773 | D:9      | Found an opulent altar of Gozag.
 12089 | D:9      | Upgraded the game from 0.24-a0-459-g225fefd530 to
                  | 0.24-a0-698-g60d090ba07
 12191 | D:9      | Slain by an orc wizard

Levels and vault maps discovered:
D:1:      psy_arrival_radial02, layout_basic
D:2:      layout_basic
D:3:      layout_loops_ring, nicolae_dithmenos_through_a_glass_darkly,
          minmay_gold_behind_fungi, minmay_misc_feat_chi
D:4:      layout_loops_ring, serial_shops, shop, grunt_ministairs_15, uniq_robin
D:5:      minmay_bubble_buster, layout_loops_ring, minmay_temple_entry_waves,
          first_ration, minmay_shop_grid_forest, tgw_kikubaaqudgha, uniq_ijyb
D:6:      layout_basic, kennysheep_little_box, serial_shops,
          nicolae_shop_behind_doors, nicolae_shop_competitors_out_of_business,
          nicolae_shop_stone, nicolae_shop_waterfront, nicolae_shop_stone,
          hangedman_abyss_or_decor_stagger, uniq_blork_the_orc, uniq_eustachio,
          uniq_duvessa
D:7:      layout_basic, minitemple, basic_altar, nrook_pool_corridor,
          uniq_harold, uniq_menkaure
D:8:      layout_rooms, basic_altar, chequers_jeans, uniq_erica
D:9:      layout_stronghold, nicolae_overflow_hidden_temple
Temple:   nicolae_temple_figure_zero

Skill      XL: |  1  2  3  4  5  6  7  8  9 10 |
---------------+-------------------------------+-----
Conjurations   | 2 3 4 6 |  6.0
Shields        | 1 2 3 4 |  4.0
Spellcasting   | 3 4 6 7 |  7.2
Air Magic      | 4 3 4 6 7 |  7.0
Summonings     | 3 4 |  4.0
Maces & Flails | 3 |  3.6
Invocations    | 3 4 |  4.2
Dodging        | |  1.7
Stealth        | |  1.7

Action                   |  1- 3 |  4- 6 |  7- 9 | 10-12 || total
-------------------------+-------+-------+-------+-------++-------
Melee: Whip              |    41 |   251 |   101 |       ||   393
       Tailslap          |     4 |    20 |    26 |     7 ||    57
       Morningstar       |       |       |   120 |    66 ||   186
 Fire: Hunting sling     |    13 |       |       |       ||    13
Throw: Stone             |       |       |     1 |       ||     1
 Cast: Shock             |    39 |   102 |   211 |     7 ||   359
       Summon Lightning  |       |       |     4 |     1 ||     5
  Use: Scroll            |     3 |     9 |     8 |       ||    20
       Potion            |       |       |     3 |       ||     3
 Stab: Sleeping          |     1 |     6 |     2 |       ||     9
  Eat: Chunk             |     3 |    12 |    21 |     3 ||    39
       Ration            |       |     3 |       |       ||     3
Armor: Skin              |    35 |   146 |   198 |    33 ||   412
Dodge: Dodged            |    64 |   211 |   270 |    47 ||   592
Block: Buckler           |       |     9 |   145 |    19 ||   173

Table legend:
 A = Non-vault XP
 B = Vault XP
 C = Vault XP percentage of total XP
 D = Non-vault monster count
 E = Vault monster count
 F = Vault count percentage of total count
                 A         B        C        D         E       F
            +---------+---------+-------+---------+---------+-------
      Total |    4829 |    1643 |  25.4 |     171 |      23 |  11.9
            +---------+---------+-------+---------+---------+-------
        D:1 |      68 |       0 |   0.0 |      14 |       0 |   0.0
        D:2 |      74 |       0 |   0.0 |      28 |       0 |   0.0
        D:3 |     151 |       0 |   0.0 |      36 |       0 |   0.0
        D:4 |     127 |     283 |  69.0 |       9 |      16 |  64.0
        D:5 |     181 |      36 |  16.6 |       9 |       1 |  10.0
        D:6 |    1334 |     506 |  27.5 |      30 |       4 |  11.8
        D:7 |    1404 |     818 |  36.8 |      24 |       2 |   7.7
        D:8 |     469 |       0 |   0.0 |       7 |       0 |   0.0
        D:9 |    1021 |       0 |   0.0 |      14 |       0 |   0.0
            +---------+---------+-------+---------+---------+-------
